 Dungeon Crawl Stone Soup version 0.16-a0-269-gd5b6136 (webtiles) character file.

3336 Johnny the Ruinous (level 9, 0/68 HPs)
             Began as a Demigod Conjurer on Aug 26, 2014.
             Succumbed to a killer bee's poison
             ... on Level 8 of the Dungeon.
             The game lasted 01:04:39 (14195 turns).

Johnny the Ruinous (Demigod Conjurer)              Turns: 14195, Time: 01:04:40

HP   0/68        AC  6     Str 15      XL: 9   Next: 44%
MP   3/25        EV 16     Int 22      God:
Gold 326         SH  0     Dex 18      Spells:  7 memorised,  2 levels left

rFire  + . .     SeeInvis +     i - +2 hand axe of Valuable Assets {chop, Str+2 SInv}
rCold  + . .     Clarity  .     N - +2 robe "Musoz" {rElec SInv}
rNeg   + + .     rCorr    .     (no shield)
rPois  .         rRot     .     C - +2 hat of the Alchemist {rElec rF+ rC+ MR+}
rElec  +         Spirit   .     (no cloak)
SustAb .         Warding  +     (no gloves)
rMut   .         Stasis   .     (no boots)
Gourm  .                        s - amulet of warding
MR     +....                    P - ring of positive energy
                                q - +1 ring of evasion

@: lethally poisoned, exhausted, very slightly contaminated, slowed, repel
missiles, invisible, very slow, somewhat resistant to hostile enchantments,
fairly stealthy
A: no striking features
a: no special abilities


You were on level 8 of the Dungeon.
You were not hungry.

You visited 1 branch of the dungeon, and saw 8 of its levels.

You collected 391 gold pieces.
You spent 65 gold pieces at shops.

Inventory:

Hand weapons
 e - a +2 vampiric dagger
 i - the +2 hand axe of Valuable Assets (weapon) {chop, Str+2 SInv}
   (You found it on level 7 of the Dungeon)

   It inflicts extra damage upon your enemies.
   It affects your strength (+2).
   It enhances your eyesight.
 k - a +1 dagger of venom
 m - a +1 dagger of venom
 E - a +3 long sword
 J - a +3 dagger of venom
Armour
 a - a +0 robe
 B - a +1 scale mail of fire resistance
 C - the +2 hat of the Alchemist (worn) {rElec rF+ rC+ MR+}
   (You found it on level 4 of the Dungeon)

   It protects you from fire.
   It protects you from cold.
   It insulates you from electricity.
   It affects your resistance to hostile enchantments.
 G - a +0 chain mail of poison resistance
 N - the +2 robe "Musoz" (worn) {rElec SInv}
   (You found it on level 6 of the Dungeon)

   It insulates you from electricity.
   It enhances your eyesight.
Magical devices
 f - a wand of lightning (7) {unknown}
 g - a wand of fireball (2) {unknown}
 F - a wand of slowing (6)
 K - a wand of frost (9)
Comestibles
 j - 2 bread rations
 l - a meat ration
 t - 11 slices of pizza
 w - 3 beef jerkies
Scrolls
 h - 2 scrolls of noise
 n - 2 scrolls of enchant weapon
 o - 8 scrolls of remove curse
 v - 2 scrolls of enchant armour {unknown}
 y - 2 scrolls of recharging {unknown}
 H - a scroll of immolation {unknown}
 M - a scroll of holy word {unknown}
 Q - 2 scrolls of fog
 S - 2 scrolls of identify
Jewellery
 b - an uncursed ring of invisibility
 q - a +1 ring of evasion (left hand)
 s - an amulet of warding (around neck)
 L - an uncursed ring of poison resistance
 P - a ring of positive energy (right hand)
Potions
 d - a potion of brilliance
 p - 2 potions of confusion
 r - 2 potions of cancellation
 u - 2 potions of curing
Books
 c - a book of Conjurations

   Spells                             Type                      Level
   *Magic Dart                        Conjuration                  1
   *Searing Ray                       Conjuration                  2
   *Dazzling Spray                    Conjuration/Hexes            3
   Fulminant Prism                    Conjuration/Hexes            4
   *Iskenderun's Mystic Blast         Conjuration                  4
   *Iskenderun's Battlesphere         Conjuration/Charms           5
 x - a book of Air

   Spells                             Type                      Level
   Shock                              Conjuration/Air              1
   *Swiftness                         Charms/Air                   2
   *Repel Missiles                    Charms/Air                   2
   Flight                             Charms/Air                   3
   Static Discharge                   Conjuration/Air              3
   Lightning Bolt                     Conjuration/Air              5


   Skills:
 + Level 2.5 Fighting
 + Level 1.6 Long Blades
 + Level 0.8 Axes
 + Level 4.5 Dodging
 + Level 4.5 Stealth
 + Level 0.5 Unarmed Combat
 + Level 6.7 Spellcasting
 + Level 7.8 Conjurations
 + Level 2.9 Hexes
 + Level 0.8 Charms
 + Level 0.6 Air Magic
 + Level 0.8 Evocations


You had 2 spell levels left.
You knew the following spells:

 Your Spells              Type           Power        Failure   Level  Hunger
a - Magic Dart            Conj           ####         1%          1    None
b - Searing Ray           Conj           #####.       1%          2    None
c - Dazzling Spray        Conj/Hex       ####....     2%          3    #......
d - Swiftness             Chrm/Air       ##......     12%         2    None
e - Repel Missiles        Chrm/Air       ##....       12%         2    None
f - Iskenderun's Mystic   Conj           #####...     3%          4    ###....
g - Iskenderun's Battles  Conj/Chrm      ####....     38%         5    #####..


Dungeon Overview and Level Annotations

Branches:
Dungeon (8/15)             Temple (0/1) D:4
   Lair: D:8-11

Shops:
D:5 }


Message History

You feel yourself slow down.
* * * LOW HITPOINT WARNING * * *
You feel sick. The killer bee barely misses you.
Drink which item? (? for menu, Esc to quit)
Okay, then.
Read which item? (? for menu, Esc to quit)
Okay, then.
Drink which item? (? for menu, Esc to quit)
It has a very clean taste.
* * * LOW HITPOINT WARNING * * *
You feel sick. The killer bee misses you. The killer bee barely misses you.
The killer bee misses you.
Drink which item? (? for menu, Esc to quit)
You fade into invisibility!
It was a potion of invisibility.
* * * LOW HITPOINT WARNING * * *
You feel sick. The killer bee barely misses you. The killer bee misses you.
The killer bee completely misses you.
You are very lightly contaminated with residual magic.
You die...

#...#####..# #.#.# #.##
#.#.# #.# . #Z#y# #.#
.....####.#y#####.#####
#.....%%..#yZ.........#
####.######y###.#####.#
#.# #.# #@# #.## #.#
#..# #.# ##.#
#.####.### #.##.....#
#.##.###.# ### #...<#
... ..# ####.###.###
#.# #.......#


You could see 4 killer bees and an ogre skeleton.

Vanquished Creatures
  The ghost of Johnny the Charmwright, an experienced DgSk (D:6)
  An item mimic (D:7)
  A hog (D:7)
  A human (D:7)
  A hippogriff (D:6)
  Menkaure (D:5)
  2 sky beasts
  An ice beast (D:7)
  2 ogres
  Duvessa (D:5)
  3 giant frogs
  3 wights (D:6)
  A water moccasin skeleton (D:6)
  6 killer bees (D:8)
  A hippogriff skeleton (D:7)
  Dowan (D:5)
  A giant frog skeleton (D:6)
  2 jellies
  2 crimson imps
  4 orc priests
  3 hounds
  An elf skeleton (D:7)
  An orc wizard (D:6)
  2 iguanas (D:6)
  2 worker ants
  3 sheep (D:7)
  2 big kobold zombies
  9 adders
  6 gnolls
  A shadow imp (D:5)
  A giant mite (D:5)
  An inept item mimic (D:2)
  2 worms (D:2)
  An adder zombie (D:6)
  9 giant geckos
  An ooze (D:6)
  17 orcs
  5 ball pythons
  8 giant cockroaches
  14 hobgoblins
  15 jackals
  A quokka (D:2)
  13 bats
  A giant gecko skeleton (D:6)
  8 giant newts
  12 goblins
  2 hobgoblin zombies
  2 jackal skeletons
  19 kobolds
  A kobold zombie (D:6)
  A quokka zombie (D:5)
  50 rats
250 creatures vanquished.

Vanquished Creatures (others)
  The ghost of wvc the Twirler, an average GrGl (D:4)
1 creature vanquished.

Grand Total: 251 creatures vanquished

Notes
Turn   | Place    | Note
--------------------------------------------------------------
     0 | D:1      | Johnny, the Demigod Conjurer, began the quest for the Orb.
     0 | D:1      | Reached XP level 1. HP: 14/14 MP: 3/3
   490 | D:1      | Reached XP level 2. HP: 20/20 MP: 1/4
   621 | D:1      | Reached skill level 4 in Conjurations
  1397 | D:1      | Learned a level 2 spell: Searing Ray
  1663 | D:1      | Reached XP level 3. HP: 24/26 MP: 0/8
  2851 | D:2      | Reached XP level 4. HP: 34/34 MP: 7/10
  4208 | D:2      | Learned a level 3 spell: Dazzling Spray
  4365 | D:2      | Reached XP level 5. HP: 33/39 MP: 3/12
  5416 | D:4      | Killed wvc's ghost
  6235 | D:4      | Found a staircase to the Ecumenical Temple.
  6542 | D:5      | Entered Level 5 of the Dungeon
  6585 | D:5      | Learned a level 2 spell: Swiftness
  6588 | D:5      | Learned a level 2 spell: Repel Missiles
  6771 | D:5      | Found a white marble altar of Elyvilon.
  6792 | D:5      | Noticed Menkaure
  7441 | D:5      | Found Zuqoxko's Gadget Shop.
  7449 | D:5      | Noticed Duvessa
  7451 | D:5      | Noticed Dowan
  7546 | D:5      | Killed Dowan
  7608 | D:5      | Reached skill level 5 in Conjurations
  7608 | D:5      | Reached XP level 6. HP: 34/46 MP: 3/17
  7949 | D:5      | Bought a wand of frost (11) for 65 gold pieces
  7978 | D:5      | Noticed an ogre
  8137 | D:5      | Killed Menkaure
  8614 | D:5      | Killed an ogre
  8614 | D:5      | Reached skill level 1 in Fighting
  8709 | D:5      | Killed Duvessa
  8709 | D:5      | Reached XP level 7. HP: 52/52 MP: 1/20
  8871 | D:6      | Learned a level 4 spell: Iskenderun's Mystic Blast
  9129 | D:6      | Reached skill level 1 in Hexes
  9476 | D:6      | Noticed Johnny's ghost (experienced DgSk)
  9502 | D:6      | Killed Johnny's ghost
  9502 | D:6      | Reached skill level 6 in Conjurations
  9625 | D:6      | Reached skill level 5 in Spellcasting
  9625 | D:6      | Reached XP level 8. HP: 54/59 MP: 4/22
  9975 | D:6      | Got a dull robe
  9986 | D:6      | Identified the cursed +2 robe "Musoz" {rElec SInv} (You found it on level 6 of the Dungeon)
 10290 | D:6      | Reached skill level 1 in Long Blades
 11810 | D:6      | Reached skill level 7 in Conjurations
 12127 | D:7      | Got a pitted hand axe
 12128 | D:7      | Identified the cursed +2 hand axe of Valuable Assets {chop, Str+2 SInv} (You found it on level 7 of the Dungeon)
 12696 | D:7      | Reached XP level 9. HP: 68/68 MP: 9/25
 13475 | D:7      | Killed a staff mimic
 13816 | D:8      | Learned a level 5 spell: Iskenderun's Battlesphere
 14191 | D:8      | HP: 5/102 [poisoned by a killer bee]
 14193 | D:8      | HP: 1/68 [poisoned by a killer bee]
 14195 | D:8      | Succumbed to a killer bee's poison

Action                   |  1- 3 |  4- 6 |  7- 9 || total
-------------------------+-------+-------+-------++-------
Melee: Unarmed           |    66 |    55 |       ||   121
       Long sword        |       |     4 |    59 ||    63
       Hand axe          |       |       |    46 ||    46
 Cast: Magic Dart        |    94 |   149 |    86 ||   329
       Searing Ray       |    11 |    55 |    57 ||   123
       Dazzling Spray    |       |    26 |    62 ||    88
       Repel Missiles    |       |     1 |       ||     1
       Swiftness         |       |     1 |     3 ||     4
       Iskenderun's Myst |       |       |    38 ||    38
Evoke: Wand              |       |     1 |     3 ||     4
  Use: Scroll            |       |    10 |     4 ||    14
       Potion            |       |     4 |    13 ||    17
 Stab: Sleeping          |       |     1 |       ||     1
       Invisible         |       |       |     6 ||     6
  Eat: Meat ration       |     1 |     1 |     1 ||     3
       Chunk             |     2 |     7 |     4 ||    13
       Bread ration      |       |     2 |     4 ||     6
       Royal jelly       |       |     1 |       ||     1
       Beef jerky        |       |     1 |     1 ||     2
